 Dungeon Sprint DCSS version 0.21-a0-221-gfe971b9 (webtiles) character file.

154 Kidiri the Thaumaturge (level 5, -11/28 HPs)
             Began as a Deep Elf Fire Elementalist on Aug 27, 2017.
             Was an Initiate of Vehumet.
             Killed from afar by a deep elf mage (39 damage)
             ... with a bolt of fire
             ... in the Dungeon (Sprint III: "The Ten Rune Challenge").
             The game lasted 00:02:32 (508 turns).

Kidiri the Thaumaturge (Deep Elf Fire Elementalist)  Turns: 508, Time: 00:02:33

Health: -11/28     AC:  4    Str:  3    XL:     5   Next: 13%
Magic:  19/19      EV: 13    Int: 21    God:    Vehumet [......]
Gold:   29         SH:  0    Dex: 15    Spells: 6/24 levels left

rFire    . . .     SeeInvis .   j - +0 dagger
rCold    . . .     Gourm    .   (no shield)
rNeg     . . .     Faith    .   a - +2 robe {Archmagi}
rPois    .         Spirit   .   (no helmet)
rElec    .         Reflect  .   (no cloak)
rCorr    .         Harm     .   (no gloves)
MR       .....     NoTele   +   (no boots)
Stlth    ++........             (no amulet)
HPRegen  0.09/turn              (no ring)
MPRegen  0.16/turn              (no ring)

@: no status effects
A: deformed body, shaggy fur 1, weak 1, evolution 1, MP-powered wands
a: Renounce Religion


You were in the Dungeon.
You worshipped Vehumet.
Vehumet was noncommittal.
You were not hungry.

You visited 1 branch You collected 29 gold pieces.

Inventory:

Hand Weapons
 j - a +0 dagger (weapon)
Armour
 a - a +2 robe of the Archmagi (worn)
Scrolls
 i - 2 scrolls of blinking
 l - a scroll of holy word {unknown}
 m - 3 scrolls of remove curse
 p - a scroll of torment {unknown}
Potions
 d - a potion of curing
 e - a potion of heal wounds
 f - a potion of haste
 g - 2 potions of magic
 h - a potion of berserk rage
 o - a potion of might
 s - a potion of cancellation
Comestibles
 c - a bread ration
 n - 3 fruits
 r - a meat ration


   Skills:
 + Level 0.0 Fighting
 + Level 0.0 Short Blades
 + Level 0.0 Armour
 + Level 2.4 Dodging
 - Level 2.4 Stealth
 * Level 10.0 Spellcasting
 + Level 5.7 Conjurations
 + Level 6.4 Fire Magic


You had 6 spell levels left.
You knew the following spells:

 Your Spells              Type           Power        Failure   Level  Hunger
a - Flame Tongue          Conj/Fire      #####        1%          1    None
b - Throw Flame           Conj/Fire      ######       1%          2    None
c - Conjure Flame         Conj/Fire      ######..     1%          3    None
d - Inner Flame           Hex/Fire       #####...     4%          3    None
e - Sticky Flame          Conj/Fire      ######..     5%          4    ##.....
f - Fireball              Conj/Fire      ######....   14%         5    ####...


Dungeon Overview and Level Annotations

Branches:
Dungeon (1/1)

Altars:
Elyvilon
Kikubaaqudgha
Sif Muna
Vehumet
Zin
The Shining One


Innate Abilities, Weirdness & Mutations

Armour fits poorly on your strangely shaped body.
You are covered in fur. (AC +1)
You are weak. (Str -2)
You evolve.
You expend magic power (3 MP) to strengthen your wands.


Message History

Unknown command.
Press < or > to pray at altars.
There is an open door here.
As you close the door, it creaks loudly!
There is a fountain of clear blue water here.
There is a fountain of clear blue water here.
You start resting.
Magic restored.
You start resting.
HP restored.
You open the door.
Found a glowing silver altar of Zin.
A deep elf mage comes into view.
It is wielding a long sword of holy wrath.
Found a potion of curing.
Found two altars.
There is an open door here.
The deep elf mage shouts!
The deep elf mage points at you and mumbles some strange words.
The bolt of fire hits you!
Ouch! That really hurt!
You die...

▓▓▓▓▓ ▓▓▓ #(..####
##.#####
#......#####..#___#
#.......#..#..#e@.#
##.##.).#..#..###'#+###+
##.###..##+#..#..........
###.##..###...'.⌠........
#..##..####...#...######+
...##..###....#.⌠.#
..##[..##.....#...#
.##....#......#+###
###..##.#.....#.[:#


You could see a deep elf mage.

Vanquished Creatures
  A water elemental (D)
  Jessica (D)
  A wizard (D)
  A human (D)
  A kobold demonologist (D)
  An ooze (D)
  A phantom (D)
  2 rats (D)
9 creatures vanquished.

Vanquished Creatures (others)
  2 draconian scorchers (D)
  6 hellions (D)
  2 yaktaurs (D)
  4 plants (D)
14 creatures vanquished.

Grand Total: 23 creatures vanquished

Notes
Turn   | Place    | Note
-------+----------+-------------------------------------------
     0 | D        | Kidiri the Deep Elf Fire Elementalist began the quest for the Orb.
     0 | D        | Reached XP level 1. HP: 10/10 MP: 6/6
    26 | D        | Killed a yaktaur
    32 | D        | Reached skill level 4 in Spellcasting
    77 | D        | Noticed Jessica
    79 | D        | Killed Jessica
    79 | D        | Reached skill level 6 in Spellcasting
    79 | D        | Reached XP level 2. HP: 15/15 MP: 6/11
    79 | D        | Reached XP level 3. HP: 19/19 MP: 6/12
    83 | D        | Learned a level 2 spell: Throw Flame
    86 | D        | Killed a hellion
    87 | D        | Learned a level 3 spell: Conjure Flame
    91 | D        | Learned a level 3 spell: Inner Flame
   118 | D        | Killed a hellion
   141 | D        | Killed a hellion
   143 | D        | Killed a hellion
   143 | D        | Killed a hellion
   168 | D        | Killed a hellion
   169 | D        | Reached skill level 7 in Spellcasting
   169 | D        | Reached skill level 5 in Fire Magic
   185 | D        | Killed a white draconian scorcher
   197 | D        | Killed a white draconian scorcher
   294 | D        | Gained mutation: You have a pair of small horns on your head. [potion of mutation]
   294 | D        | Gained mutation: Your body sometimes deteriorates upon taking damage. [potion of mutation]
   294 | D        | Gained mutation: You possess an exceptional clarity of mind. [potion of mutation]
   295 | D        | Lost mutation: Your body sometimes deteriorates upon taking damage. [potion of mutation]
   295 | D        | Lost mutation: You possess an exceptional clarity of mind. [potion of mutation]
   295 | D        | Lost mutation: You have a pair of small horns on your head. [potion of mutation]
   295 | D        | Gained mutation: Your mind is acute. (Int +2) [potion of mutation]
   295 | D        | Gained mutation: You tend to lose your temper in combat. [potion of mutation]
   295 | D        | Gained mutation: You are robust. (+10% HP) [potion of mutation]
   296 | D        | Lost mutation: Your mind is acute. (Int +2) [potion of mutation]
   296 | D        | Lost mutation: You are robust. (+10% HP) [potion of mutation]
   296 | D        | Gained mutation: You are covered in fur. (AC +1) [potion of mutation]
   297 | D        | Lost mutation: You tend to lose your temper in combat. [potion of mutation]
   297 | D        | Gained mutation: Armour fits poorly on your strangely shaped body. [potion of mutation]
   297 | D        | Gained mutation: Your muscles are strong. (Str +2) [potion of mutation]
   298 | D        | Lost mutation: Your muscles are strong. (Str +2) [potion of mutation]
   298 | D        | Gained mutation: You are weak. (Str -2) [potion of mutation]
   298 | D        | Gained mutation: You expend magic power (3 MP) to strengthen your wands. [potion of mutation]
   298 | D        | Gained mutation: You evolve. [potion of mutation]
   310 | D        | Noticed a water elemental
   313 | D        | Killed a water elemental
   313 | D        | Reached skill level 9 in Spellcasting
   313 | D        | Reached skill level 5 in Conjurations
   313 | D        | Reached XP level 4. HP: 24/24 MP: 7/17
   327 | D        | Learned a level 4 spell: Sticky Flame
   414 | D        | Found a radiant altar of Vehumet.
   415 | D        | Found a deep blue altar of Sif Muna.
   415 | D        | Found an ancient bone altar of Kikubaaqudgha.
   415 | D        | Noticed a wizard
   417 | D        | Killed a wizard
   420 | D        | Reached skill level 10 in Spellcasting
   420 | D        | Reached XP level 5. HP: 20/28 MP: 8/19
   428 | D        | Learned a level 5 spell: Fireball
   441 | D        | Became a worshipper of Vehumet
   470 | D        | Killed a yaktaur
   506 | D        | Found a glowing silver altar of Zin.
   507 | D        | Found a glowing golden altar of the Shining One.
   507 | D        | Found a white marble altar of Elyvilon.
   507 | D        | Noticed a deep elf mage
   508 | D        | Killed from afar by a deep elf mage

Vault maps used:
D:        dungeon_sprint_mu

Skill      XL: |  1  2  3  4 |
---------------+-------------+-----
Spellcasting   | 6 9 10 | 10.0
Conjurations   | 3 5 |  5.7
Fire Magic     | 4 5 6 |  6.4
Dodging        | |  2.4
Stealth        | |  2.4

Action                   |  1- 3 |  4- 6 || total
-------------------------+-------+-------++-------
 Cast: Flame Tongue      |    20 |     1 ||    21
       Conjure Flame     |     1 |       ||     1
       Throw Flame       |     1 |       ||     1
       Sticky Flame      |       |     2 ||     2
  Use: Potion            |     5 |       ||     5
       Scroll            |     2 |       ||     2
Dodge: Dodged            |     3 |     2 ||     5

Table legend:
 A = Spawn XP
 B = Non-spawn XP
 C = Spawn XP percentage of total XP
 D = Spawn monster count
 E = Non-spawn monster count
 F = Spawn count percentage of total count
 G = Total turns spent on level
                    A         B        C        D         E        F      G
               +---------+---------+-------+---------+---------+-------+---------
         Total |       0 |     220 |   0.0 |       0 |       9 |   0.0 |   508
               +---------+---------+-------+---------+---------+-------+---------
             D |       0 |     220 |   0.0 |       0 |       9 |   0.0 |   508
               +---------+---------+-------+---------+---------+-------+---------
